 Dungeon Crawl Stone Soup version 0.18.1-47-g9310371 (console) character file.

167179 Kloppie the Bludgeoner (level 17, -4/168 HPs)
             Began as a Minotaur Berserker on June 22, 2016.
             Was a High Priest of Trog.
             Slain by an entropy weaver (7 damage)
             ... on level 1 of the Spider Nest.
             The game lasted 01:01:16 (28094 turns).

Kloppie the Bludgeoner (Minotaur Berserker)        Turns: 28094, Time: 01:01:16

Health: -4/168     AC:  4    Str: 32    XL:     17   Next: 6%
Magic:  16/16      EV: 20    Int:  4    God:    Trog [*****.]
Gold:   2279       SH:  0    Dex: 15    Spells: 0 memorised, 16 levels left

rFire  + + .     SeeInvis +     a - +4 eveningstar (freeze)
rCold  + + .     Gourm    .     z - +0 ring mail of Fovit {rPois MR++ Dex-2 SInv}
rNeg   + . .     Faith    .     (no shield)
rPois  +         Spirit   .     q - +1 hat
rElec  .         Dismiss  .     e - +2 cloak {rF+}
rCorr  .         Reflect  .     (no gloves)
SustAt .         Harm     .     t - +1 pair of boots "Quloanwe" {rN+ Dex+2}
MR     +++++                    N - amulet of regeneration
Stlth  ..........               y - ring of protection from cold
                                H - ring of Edomutan {rF+ rC+ Str+8}

@: confused, lethally poisoned (-4 -> -7), corroded, regenerating, slowed, very
slow, almost entirely resistant to hostile enchantments, extremely unstealthy
A: retaliatory headbutt, horns 2
a: Berserk, Trog's Hand, Brothers in Arms, Burn Spellbooks, Renounce Religion
}: 1/15 runes: decaying


You were on level 1 of the Spider Nest.
You worshipped Trog.
Trog was extremely pleased with you.
You were hungry.

You visited 5 branches of the dungeon, and saw 30 of its levels.
You also visited: Ossuary, Ice Cave and Volcano.

You collected 3262 gold pieces.
You spent 983 gold pieces at shops.

Inventory:

Hand Weapons
 a - a +4 eveningstar of freezing (weapon)
 s - a +2 antimagic great mace
 P - a +1 morningstar of freezing
Armour
 e - a +2 cloak of fire resistance (worn)
 q - a +1 hat (worn)
 t - the +1 pair of boots "Quloanwe" (worn) {rN+ Dex+2}
   (You bought it in a shop on level 7 of the Dungeon)

   It affects your dexterity (+2).
   It protects you from negative energy.
 z - the +0 ring mail of Fovit (worn) {rPois MR++ Dex-2 SInv}
   (You found it on level 1 of the Lair of Beasts)

   It affects your dexterity (-2).
   It protects you from poison.
   It affects your resistance to hostile enchantments.
   It lets you see invisible.
 J - a +0 shield
 V - the +6 crystal plate armour "Macoum" {rN+ Regen+}
   (You acquired it on level 6 of the Lair of Beasts)

   It protects you from negative energy.
   It increases your rate of regeneration.
Jewellery
 m - an uncursed ring of protection from magic
 w - an uncursed ring of see invisible
 y - a ring of protection from cold (right hand)
 H - the ring of Edomutan (left hand) {rF+ rC+ Str+8}
   (You found it in an ice cave)

   [ring of protection from cold]

   It affects your strength (+8).
   It protects you from fire.
   It protects you from cold.
 L - an uncursed ring of positive energy
 N - an amulet of regeneration (around neck)
Wands
 b - a wand of heal wounds (4/9)
 C - a wand of hasting (5/9)
 Q - a wand of disintegration (17/24)
 T - a wand of teleportation (4/9)
 Z - a wand of digging (10/24)
Scrolls
 i - a scroll of fear
 k - 3 scrolls of identify
 l - 2 scrolls of recharging
 n - a scroll of silence
 p - a scroll of brand weapon
 v - 7 scrolls of remove curse
 F - 8 scrolls of enchant armour
 I - 5 scrolls of teleportation
 O - 3 scrolls of fog
 U - a scroll of magic mapping
Potions
 f - a potion of flight
 g - 3 potions of resistance
 j - a potion of cure mutation
 u - 13 potions of curing
 A - 5 potions of agility
 B - 2 potions of cancellation
 D - 5 potions of might
 E - 4 potions of haste
 K - a potion of invisibility
 R - 3 potions of heal wounds
Comestibles
 c - 16 bread rations
 d - 13 meat rations
 h - 12 slices of pizza
 r - 7 beef jerkies


   Skills:
 + Level 19.3 Fighting
 + Level 19.7 Maces & Flails
 - Level 17.6 Armour
 - Level 13.3 Dodging


You had 16 spell levels left.
You didn't know any spells.

Dungeon Overview and Level Annotations

Branches:
Dungeon (15/15)            Temple (0/1) D:6            Lair (8/8) D:9
  Swamp (4/4) Lair:4       Spider (1/4) Lair:4        Slime (0/6) Lair:7
    Orc (2/2) D:10            Elf (0/3) Orc:2        Depths (0/5) D:15
 Vaults: D:13-14

Altars:
Ashenzari
Cheibriados
Dithmenos
Elyvilon
Makhleb
Pakellas
Ru
Trog
Xom
Zin
Beogh

Shops:
D:4 }   D:5 (*   D:7 [   D:10 (   D:12 ?   Orc:2 (*!(

Portals:
Hell: Lair:8


Innate Abilities, Weirdness & Mutations

You reflexively headbutt those who attack you in melee.
You have a pair of horns on your head.


Message History

You hear an angry hiss.
An orb spider comes into view.
You disentangle yourself.
You feel very sick. The jumping spider misses you.
The jumping spider bites you but does no damage.
The wolf spider hits you!!
* * * LOW HITPOINT WARNING * * *
The wolf spider bites you.
* * * LOW HITPOINT WARNING * * *
The redback misses you. The tarantella barely misses you.
The tarantella closely misses you. The wolf spider hits you!
* * * LOW HITPOINT WARNING * * *
The wolf spider barely misses you.
The jumping spider leaps!
Your deep troll misses the tarantella.
Your deep troll claws the tarantella.
Your deep troll closely misses the tarantella.
The redback bites you.
* * * LOW HITPOINT WARNING * * *
The entropy weaver hits you!
You die...

.# ....[..
#.#..#.ss.
###....s.s# #
#.#ws#.s.##..
#....#.......
#†..T..#....
##..sss..##...
#...s@s...$..#
###..§p.......
###.......#.
#.#...#...
###.#.....
......#
.......
##...##


You could see an entropy weaver, a torpor snail, 2 wolf spiders, 2 orb spiders,
2 jumping spiders, 3 tarantellas, 2 redbacks and a friendly deep troll
(berserk).

Vanquished Creatures
  the Lernaean hydra (Swamp:4)
  Nikola (Swamp:3)
  5 thorn hunters
  Kirke (D:15)
  Maud (Lair:5)
  3 orc warlords
  A dire elephant (Lair:8)
  The ghost of krepi the Cleaver, a journeyman MiFi of the Shining One (Lair:5)
  Snorg (Lair:8)
  2 ice dragons (IceCv)
  A hell beast (Lair:8)
  17 hydras
  2 catoblepae (Lair:7)
  2 ogre magi (D:15)
  A centaur warrior (D:10)
  16 alligators
  6 death yaks (Lair:6)
  2 tengu warriors (D:15)
  4 orc high priests (Orc:2)
  19 slime creatures
  7 swamp dragons
  2 unseen horrors
  A spriggan druid (Swamp:3)
  A deep elf mage (D:15)
  A shambling mangrove (Swamp:3)
  Pikel (D:5)
  5 lindwurms
  4 hill giants
  A necromancer (Lair:2)
  The ghost of Kloppie the Basher, a novice MiBe of Trog (D:7)
  4 orc knights
  An ugly thing (D:11)
  A cyclops (D:14)
  2 hornets
  A wizard (Lair:8)
  5 orc sorcerers
  2 wolf spiders (Spider:1)
  A griffon (Lair:7)
  11 elephants
  2 centaur zombies
  A torpor snail (Lair:4)
  A toenail golem (Volcano)
  2 naga magi (D:15)
  2 gargoyles (Volcano)
  6 black mambas
  4 orange demons (Lair:8)
  21 spiny frogs
  A molten gargoyle (Volcano)
  4 centaur skeletons
  9 komodo dragons
  2 ice statues (IceCv)
  2 rime drakes
  4 ice devils (Lair:8)
  A hellwing (Lair:8)
  2 jumping spiders
  9 trolls
  A tengu conjurer (D:15)
  31 blink frogs
  A harpy skeleton (D:14)
  2 giant leeches
  14 two-headed ogres
  Grinder (D:3)
  A boulder beetle (Lair:8)
  7 bog bodies
  36 yaks
  4 spriggans
  A wraith (D:15)
  2 wyverns
  3 redbacks (Spider:1)
  2 shadows
  A vampire (D:13)
  4 basilisks
  7 hogs (D:15)
  10 vampire mosquitoes
  2 hungry ghosts
  14 hippogriffs
  Grum (D:10)
  3 wargs
  2 mottled dragons
  10 insubstantial wisps
  16 swamp worms
  2 hell hounds (Lair:8)
  6 porcupines
  19 water moccasins
  A slave (D:5)
  41 orc warriors
  12 swamp drakes
  19 ice beasts
  4 sky beasts
  2 black bears (D:11)
  10 wasps
  3 phantoms
  A necrophage (D:10)
  23 ogres
  8 centaurs
  12 wolves
  9 crocodiles
  3 big kobolds
  27 giant frogs
  2 water moccasin zombies (Ossuary)
  A wyvern skeleton (D:12)
  4 scorpions
  9 killer bees
  25 wights
  An electric eel (Lair:6)
  7 crimson imps
  2 howler monkeys
  2 giant frog zombies
  7 hounds
  A jelly (D:11)
  2 giant frog skeletons
  30 orc priests
  A gnoll shaman (Orc:2)
  6 iguanas
  25 orc wizards
  Terence (D:2)
  Jessica (D:3)
  3 polar bear simulacra (Lair:2)
  8 worker ants
  2 yak simulacra (Lair:2)
  43 sheep
  3 wolf simulacra (Lair:2)
  A killer bee zombie (D:9)
  3 big kobold zombies (Ossuary)
  A hound zombie (D:6)
  A hound skeleton (D:11)
  2 mummies (Ossuary)
  Robin (D:2)
  14 gnolls
  A worker ant zombie (D:11)
  12 adders
  20 river rats
  4 shadow imps
  12 white imps (Lair:1)
  An ooze (D:2)
  3 worms
  3 adder skeletons
  7 adder zombies (Ossuary)
  9 dart slugs
  2 giant geckos
  108 orcs
  2 bats (D:1)
  8 giant cockroaches
  10 goblins
  15 hobgoblins
  11 jackals
  14 kobolds
  4 quokkas
  A giant gecko skeleton (D:4)
  2 giant newts
  4 gnoll zombies (Ossuary)
  5 hobgoblin zombies (Ossuary)
  3 kobold zombies (Ossuary)
  6 orc zombies (Ossuary)
  A quokka skeleton (D:8)
  7 rats
  2 river rat simulacra (Lair:2)
  5 briar patches
  A butterfly (Lair:2)
1082 creatures vanquished.

Vanquished Creatures (collateral kills)
  Rupert (Lair:7)
  A hydra (Swamp:4)
  A wolf spider (Spider:1)
  An orb spider (Spider:1)
  A redback (Spider:1)
5 creatures vanquished.

Vanquished Creatures (others)
  2 orcs (Orc:2)
  A giant gecko zombie (D:5)
  A river rat simulacrum (Lair:2)
  A briar patch (Swamp:1)
  3 fungi
  A plant (Lair:6)
9 creatures vanquished.

Grand Total: 1096 creatures vanquished

Notes
Turn   | Place    | Note
--------------------------------------------------------------
     0 | D:1      | Kloppie the Minotaur Berserker began the quest for the Orb.
     0 | D:1      | Reached XP level 1. HP: 19/19 MP: 0/0
    49 | D:1      | Reached XP level 2. HP: 25/27 MP: 1/1
  1030 | D:1      | Reached ** piety under Trog
  1156 | D:2      | Reached XP level 3. HP: 30/33 MP: 2/2
  1260 | D:2      | Noticed Robin
  1270 | D:2      | Killed Robin
  1523 | D:2      | Reached XP level 4. HP: 22/41 MP: 3/3
  1751 | D:2      | Noticed Terence
  1759 | D:2      | Killed Terence
  2199 | D:3      | Noticed Jessica
  2206 | D:3      | Killed Jessica
  2206 | D:3      | Reached skill level 5 in Fighting
  2206 | D:3      | Reached XP level 5. HP: 33/48 MP: 4/4
  2233 | D:3      | Noticed Grinder
  2244 | D:3      | Killed Grinder
  2244 | D:3      | Reached skill level 5 in Maces & Flails
  2244 | D:3      | Reached XP level 6. HP: 17/56 MP: 5/5
  2988 | D:4      | Found a snail-covered altar of Cheibriados.
  3096 | D:4      | Found Aliec's Gadget Emporium.
  3282 | D:4      | Reached skill level 5 in Armour
  3282 | D:4      | Reached XP level 7. HP: 54/63 MP: 6/6
  3502 | D:4      | Reached *** piety under Trog
  3607 | D:5      | Entered Level 5 of the Dungeon
  3638 | D:5      | Noticed Pikel
  3662 | D:5      | Killed Pikel
  3662 | D:5      | Reached skill level 5 in Dodging
  3662 | D:5      | Reached XP level 8. HP: 71/71 MP: 7/7
  3746 | D:5      | Found Witaloel's Serpentskin Sales.
  3772 | D:5      | Bought a +1 leather armour of poison resistance for 165 gold pieces
  3859 | D:5      | Found a sand-covered staircase.
  3872 | Ossuary  | Entered an ossuary
  4127 | D:5      | Found Risoxa's Weapon Boutique.
  5066 | D:6      | Reached XP level 9. HP: 81/81 MP: 8/8
  5314 | D:6      | Found a staircase to the Ecumenical Temple.
  5767 | D:7      | Found Weufreta's Antique Armour Emporium.
  5918 | D:7      | Reached **** piety under Trog
  5976 | D:7      | Found a white marble altar of Elyvilon.
  5978 | D:7      | Found a snail-covered altar of Cheibriados.
  5980 | D:7      | Found a glowing silver altar of Zin.
  5980 | D:7      | Found a shadowy altar of Dithmenos.
  5984 | D:7      | Noticed Kloppie's ghost (novice MiBe)
  5994 | D:7      | Killed Kloppie's ghost
  6228 | D:7      | Found a shattered altar of Ashenzari.
  6267 | D:7      | Bought a pair of bloodstained boots for 247 gold pieces
  6272 | D:7      | Identified the +1 pair of boots "Quloanwe" {rN+ Dex+2} (You bought it in a shop on level 7 of the Dungeon)
  6492 | D:8      | Reached XP level 10. HP: 73/91 MP: 9/9
  6660 | D:8      | Found a bloodstained altar of Trog.
  7458 | D:9      | Found a sacrificial altar of Ru.
  7458 | D:9      | Found a shimmering altar of Xom.
  7510 | D:9      | Reached skill level 10 in Fighting
  7513 | D:9      | Reached skill level 10 in Maces & Flails
  7628 | D:9      | Found an oddly glowing altar of Pakellas.
  7904 | D:9      | Noticed an elephant
  7905 | D:9      | Found a staircase to the Lair.
  7928 | D:9      | Killed an elephant
  7933 | D:9      | Reached skill level 10 in Armour
  8397 | Lair:1   | Entered Level 1 of the Lair of Beasts
  8434 | Lair:1   | Got a faintly humming ring mail
  8435 | Lair:1   | Identified the cursed +0 ring mail of Fovit {rPois MR++ Dex-2 SInv} (You found it on level 1 of the Lair of Beasts)
  8558 | Lair:1   | Reached XP level 11. HP: 86/101 MP: 10/10
  8875 | Lair:1   | Found a frozen archway.
  8899 | Lair:1   | Reached ***** piety under Trog
  8919 | IceCv    | Entered an ice cave
  9173 | IceCv    | Reached skill level 10 in Dodging
  9465 | IceCv    | Noticed an ice dragon
  9485 | IceCv    | Killed an ice dragon
  9511 | IceCv    | Noticed an ice dragon
  9527 | IceCv    | Killed an ice dragon
  9585 | IceCv    | Got a shimmering gossamer ring
  9589 | IceCv    | Got a transparent lead ring
  9692 | IceCv    | Identified the ring "Yciamum" {Int+4 Dex-5 Slay+4} (You found it in an ice cave)
  9694 | IceCv    | Identified the ring of Edomutan {rF+ rC+ Str+8} (You found it in an ice cave)
 10244 | Lair:2   | Reached XP level 12. HP: 48/112 MP: 11/11
 11060 | Lair:2   | Received a gift from Trog
 11201 | Lair:3   | Noticed a four-headed hydra
 11206 | Lair:3   | Killed a four-headed hydra
 11313 | Lair:3   | Noticed a six-headed hydra
 11324 | Lair:3   | Killed a six-headed hydra
 11425 | Lair:3   | Noticed a six-headed hydra
 11433 | Lair:3   | Killed a six-headed hydra
 12109 | Lair:4   | Found a hole to the Spider Nest.
 12120 | Lair:4   | Noticed a seven-headed hydra
 12129 | Lair:4   | Killed a seven-headed hydra
 12296 | Lair:4   | Found a staircase to the Swamp.
 12749 | Lair:5   | Found a dark tunnel.
 12757 | Volcano  | Entered a volcano
 12951 | Lair:5   | Noticed krepi's ghost (journeyman MiFi)
 12970 | Lair:5   | Killed krepi's ghost
 12970 | Lair:5   | Reached XP level 13. HP: 80/122 MP: 12/12
 13010 | Lair:5   | Noticed Maud
 13043 | Lair:5   | Killed Maud
 13464 | Lair:5   | You fall through a shaft!
 13582 | Lair:6   | Found a shattered altar of Ashenzari.
 13645 | Lair:6   | Identified a scroll of acquirement
 13646 | Lair:6   | Got an encrusted crystal plate armour
 13647 | Lair:6   | Identified the +6 crystal plate armour "Macoum" {rN+ Regen+} (You acquired it on level 6 of the Lair of Beasts)
 14093 | Lair:6   | Received a gift from Trog
 14431 | Lair:6   | Got a brightly glowing bronze amulet
 14447 | Lair:6   | Identified the amulet of Goath {Harm *Drain Fragile +Inv Str+7 Stlth-} (You found it on level 6 of the Lair of Beasts)
 14474 | Lair:7   | Noticed Rupert
 14487 | Lair:7   | Killed Rupert
 14945 | Lair:7   | Reached skill level 15 in Fighting
 15195 | Lair:7   | Found a staircase to the Slime Pits.
 15370 | Lair:8   | Entered Level 8 of the Lair of Beasts
 15428 | Lair:8   | Reached XP level 14. HP: 133/135 MP: 13/13
 15508 | Lair:8   | Reached skill level 15 in Maces & Flails
 15832 | Lair:8   | Reached skill level 15 in Armour
 15971 | Lair:8   | Noticed Snorg
 15977 | Lair:8   | Killed Snorg
 16115 | Lair:8   | Found a burning altar of Makhleb.
 16416 | Lair:8   | Found a gateway to Hell.
 16424 | Lair:8   | Got a pitted plate armour
 16438 | Lair:8   | Identified the +1 plate armour of the Orb {MR+} (You found it on level 8 of the Lair of Beasts)
 16702 | D:10     | Entered Level 10 of the Dungeon
 16750 | D:10     | Found a staircase to the Orcish Mines.
 16782 | D:10     | Received a gift from Trog
 16989 | D:10     | Found Jehaxkeu's Antique Weapon Shoppe.
 17009 | D:10     | Found a roughly hewn altar of Beogh.
 17170 | D:10     | Noticed Grum
 17181 | D:10     | Killed Grum
 17729 | D:11     | You fall through a shaft for 3 floors!
 17831 | D:14     | Found a shadowy altar of Dithmenos.
 17943 | D:14     | Received a gift from Trog
 19067 | D:12     | Found Uloxzikh's Magic Scroll Emporium.
 19070 | D:12     | Bought a scroll of identify for 22 gold pieces
 19735 | D:11     | Reached XP level 15. HP: 145/145 MP: 14/14
 19745 | D:11     | Received a gift from Trog
 19879 | Orc:1    | Entered Level 1 of the Orcish Mines
 19882 | Orc:1    | Noticed an orc warlord
 19889 | Orc:1    | Killed an orc warlord
 19970 | Orc:2    | Entered Level 2 of the Orcish Mines
 20274 | Orc:2    | Found a staircase to the Elven Halls.
 20343 | Orc:2    | Reached ****** piety under Trog
 20429 | Orc:2    | Found Gufi's Antique Weapon Shoppe.
 20431 | Orc:2    | Received a gift from Trog
 20486 | Orc:2    | Noticed an orc warlord
 20510 | Orc:2    | Killed an orc warlord
 20640 | Orc:2    | Found a roughly hewn altar of Beogh.
 20773 | Orc:2    | Found Viovaeta's Assorted Antiques.
 20797 | Orc:2    | Bought a scroll labeled HOWYNU UTUWEMU for 27 gold pieces
 20797 | Orc:2    | Bought a short silver wand for 108 gold pieces
 20928 | Orc:2    | Noticed an orc warlord
 20941 | Orc:2    | Killed an orc warlord
 21028 | Orc:2    | Found a roughly hewn altar of Beogh.
 21222 | Orc:2    | Found Nuehusch's Distillery.
 21240 | Orc:2    | Bought a potion of heal wounds for 60 gold pieces
 21240 | Orc:2    | Bought 2 potions of heal wounds for 120 gold pieces
 21246 | Orc:2    | Found Jauqei's Weapon Shop.
 21834 | D:7      | Bought a smoking ring mail for 234 gold pieces
 21844 | D:7      | Identified the cursed +1 ring mail of Waizioq {rPois rC+ Dex-5 SInv} (You bought it in a shop on level 7 of the Dungeon)
 22039 | Orc:1    | Received a gift from Trog
 22566 | D:15     | Entered Level 15 of the Dungeon
 22668 | D:15     | Noticed Kirke
 22691 | D:15     | Killed Kirke
 22982 | D:15     | Received a gift from Trog
 22996 | D:15     | Found a staircase to the Depths.
 23670 | Swamp:1  | Entered Level 1 of the Swamp
 23976 | Swamp:1  | Noticed a thorn hunter
 24008 | Swamp:1  | Killed a thorn hunter
 24257 | Swamp:1  | Noticed a thorn hunter
 24274 | Swamp:1  | Killed a thorn hunter
 24274 | Swamp:1  | Reached XP level 16. HP: 61/157 MP: 15/15
 25326 | Swamp:3  | Received a gift from Trog
 25710 | Swamp:3  | Noticed a thorn hunter
 25716 | Swamp:3  | Killed a thorn hunter
 25826 | Swamp:3  | Found a snail-covered altar of Cheibriados.
 25833 | Swamp:3  | Noticed Nikola
 25842 | Swamp:3  | Killed Nikola
 26417 | Swamp:4  | Entered Level 4 of the Swamp
 26929 | Swamp:4  | Noticed the 27-headed Lernaean hydra
 26955 | Swamp:4  | Killed the 27-headed Lernaean hydra
 27395 | Swamp:4  | Noticed a thorn hunter
 27402 | Swamp:4  | Killed a thorn hunter
 27477 | Swamp:4  | Received a gift from Trog
 27737 | Swamp:4  | Got a decaying rune of Zot
 27808 | Swamp:4  | Noticed a thorn hunter
 27819 | Swamp:4  | Killed a thorn hunter
 27819 | Swamp:4  | Reached XP level 17. HP: 93/168 MP: 16/16
 28077 | Spider:1 | Entered Level 1 of the Spider Nest
 28094 | Spider:1 | HP: 3/168 [redback[a torpor snail] (6)]
 28094 | Spider:1 | Slain by an entropy weaver

Skill      XL: |  1  2  3  4  5  6  7  8  9 10 11 12 13 14 15 16 |
---------------+-------------------------------------------------+-----
Maces & Flails | 4 5 6 7 9 10 12 13 14 16 17 19 | 19.7
Fighting       | 4 5 6 8 9 10 12 13 15 16 18 19 | 19.3
Armour         | 3 4 5 6 7 9 10 11 13 14 16 17 | 17.6
Dodging        | 3 4 5 6 8 9 10 12 13 | 13.3

Action                   |  1- 3 |  4- 6 |  7- 9 | 10-12 | 13-15 | 16-18 || total
-------------------------+-------+-------+-------+-------+-------+-------++-------
Melee: Mace              |    73 |   101 |    35 |       |       |       ||   209
       Headbutt          |    10 |    20 |    80 |   257 |   347 |   123 ||   837
       Whip              |       |       |   368 |   872 |    38 |       ||  1278
       Eveningstar       |       |       |       |       |  1125 |   426 ||  1551
Invok: Berserk           |     1 |     2 |     2 |     5 |     4 |     1 ||    15
       Trog's Hand       |     1 |     1 |     3 |     6 |     6 |     4 ||    21
       Brothers in Arms  |       |       |       |       |     1 |     2 ||     3
  Use: Scroll            |     2 |     1 |    15 |    11 |    20 |     6 ||    55
       Potion            |       |       |       |     3 |     2 |       ||     5
 Stab: Sleeping          |       |       |       |     1 |       |       ||     1
       Petrified         |       |       |       |       |     1 |       ||     1
       Distracted        |       |       |       |       |     1 |       ||     1
  Eat: Chunk             |     3 |     6 |    12 |    22 |    29 |     1 ||    73
       Bread ration      |       |     1 |       |       |       |       ||     1
       Royal jelly       |       |       |       |     2 |     1 |       ||     3
       Meat ration       |       |       |       |       |     2 |     3 ||     5
       Fruit             |       |       |       |       |     1 |       ||     1
Armor: Animal skin       |     4 |       |       |       |       |       ||     4
       Ring mail         |    11 |    11 |       |   153 |   225 |   173 ||   573
       Chain mail        |       |    18 |    22 |       |       |       ||    40
       Leather armour    |       |       |    70 |    41 |       |       ||   111
       Crystal plate arm |       |       |       |       |    89 |       ||    89
Dodge: Dodged            |    52 |    53 |   204 |   433 |   894 |   384 ||  2020
